 Dungeon Crawl Stone Soup version 0.26-a0-30-g56b8cd3df0 (webtiles) character file.

Game seed: 17277373835871453487, levelgen mode: deterministic

21 Hasart the Grave Robber (level 2, -1/19 HPs)
             Began as a Demonspawn Necromancer on June 3, 2020.
             Slain by an adder (3 damage)
             ... on level 2 of the Dungeon.
             The game lasted 00:00:49 (1068 turns).

Hasart the Grave Robber (Demonspawn Necromancer)    Turns: 1068, Time: 00:00:49

Health: -1/19      AC:  3    Str:  8    XL:     2   Next: 62%
Magic:  2/5        EV: 12    Int: 16    God:
Gold:   68         SH:  0    Dex: 13    Spells: 4/5 levels left

rFire    . . .     SeeInvis .   g - +0 hand axe
rCold    . . .     Gourm    .   (no shield)
rNeg     . . .     Faith    .   a - +0 robe
rPois    .         Spirit   .   (no helmet)
rElec    .         Reflect  .   f - +0 cloak
rCorr    .         Harm     .   (no gloves)
MR       .....                  (no boots)
Stlth    ++........             (no amulet)
HPRegen  0.06/turn              (no ring)
MPRegen  0.09/turn              (no ring)

@: very slightly contaminated
A: powered by pain 1
a: no special abilities


You were on level 2 of the Dungeon.
You were hungry.

You visited 1 branch of the dungeon, and saw 2 of its levels.

You collected 68 gold pieces.

Inventory:

Hand Weapons
 g - a +0 hand axe (weapon)
Armour
 a - a +0 robe (worn)
 f - a +0 cloak (worn)
Jewellery
 l - a +4 ring of protection {unknown}
Scrolls
 e - a scroll of noise {unknown}
 h - a scroll of immolation {unknown}
 i - a scroll of magic mapping {unknown}
 j - a scroll of identify {unknown}
 m - a scroll of teleportation {unknown}
 n - 2 scrolls of enchant weapon {unknown}
Potions
 b - a potion of mutation {unknown}
 d - 2 potions of might {unknown}
 k - a potion of brilliance {unknown}
Comestibles
 c - 3 rations


   Skills:
 + Level 2.1 Dodging
 - Level 1.7 Stealth
 + Level 2.3 Spellcasting
 * Level 4.8 Necromancy


You had 4 spell levels left.
You knew the following spells:

 Your Spells              Type           Power        Failure   Level  Hunger
a - Pain                  Necr           ###.         2%          1    #......

Your spell library contained the following spells:

 Spells                   Type           Power        Failure   Level  Hunger
 Animate Skeleton         Necr           N/A          2%          1    #......
 Vampiric Draining        Necr           ###.......   9%          3    ###....
 Animate Dead             Necr           N/A          26%         4    #####..
 Agony                    Necr           ###.....     58%         5    ######.


Dungeon Overview and Level Annotations

Branches:
Dungeon (2/15)

Altars:


Innate Abilities, Weirdness & Mutations

You sometimes gain a little power by taking damage.


Message History

The adder hisses angrily. x2
You hit the ooze.
The ooze is almost dead.
The ooze closely misses you.
You barely miss the ooze.
The ooze is almost dead.
The ooze hits you.
* * * LOW HITPOINT WARNING * * *
You hit the ooze but do no damage.
The ooze is almost dead.
The ooze hits you.
* * * LOW HITPOINT WARNING * * *
The ooze barely misses you.
A jackal comes into view.
You hit the ooze.
You kill the ooze!
The bat misses you.
A giant cockroach comes into view.
The adder bites you.
You die...

#.# .# ..
.# #.## .#
..##.#
#....#
+....#
#....#
#.<†.#
#@...#
♣...S##..#
♣.♣.S
..... ..b#
.....#
♣...
.....#
♣....
.....#
.h...
.....#
..s..


You could see 2 adders, a jackal, a giant cockroach and a bat.

Vanquished Creatures
  2 oozes (D:2)
  3 bats (D:1)
  A goblin (D:1)
  4 kobolds
  2 rats (D:2)
12 creatures vanquished.

Notes
Turn   | Place    | Note
-------+----------+-------------------------------------------
     0 | D:1      | Hasart the Demonspawn Necromancer began the quest for the
                  | Orb.
     0 | D:1      | Reached XP level 1. HP: 13/13 MP: 3/3
   649 | D:1      | Gained mutation: You sometimes gain a little power by
                  | taking damage. [demonic ancestry]
   649 | D:1      | Reached XP level 2. HP: 19/19 MP: 3/5
  1068 | D:2      | Slain by an adder

Illustrated notes

Levels and vault maps discovered:
D:1:      ebering_trefoil_twist, layout_loops_corners, minmay_cut_off
D:2:      layout_basic, chequers_ecumenical_altar_grove,
          nicolae_tso_swordbearing_angel

Skill      XL: |  1 |
---------------+----+-----
Dodging        | 2 |  2.1
Stealth        | |  1.7
Spellcasting   | |  2.3
Necromancy     | |  4.8

Action                   || total
-------------------------++-------
Melee: Hand axe          ||    20
 Cast: Pain              ||    14
Armor: Robe              ||    10
Dodge: Dodged            ||    18

Table legend:
 A = Non-vault XP
 B = Vault XP
 C = Vault XP percentage of total XP
 D = Non-vault monster count
 E = Vault monster count
 F = Vault count percentage of total count
                 A         B        C        D         E       F
            +---------+---------+-------+---------+---------+-------
      Total |      25 |       5 |  16.7 |       9 |       3 |  25.0
            +---------+---------+-------+---------+---------+-------
        D:1 |       7 |       5 |  41.7 |       4 |       3 |  42.9
        D:2 |      18 |       0 |   0.0 |       5 |       0 |   0.0
            +---------+---------+-------+---------+---------+-------
